[Event "Reykjavik Open 2022"]
[Site "Reykjavik"]
[Date "2022.04.07"]
[Round "3.9"]
[White "Kolbus, Dietmar"]
[Black "Praggnanandhaa R"]
[Result "0-1"]
[ECO "A46"]
[WhiteElo "2305"]
[BlackElo "2612"]
[Annotator "TA"]
[PlyCount "94"]
[EventDate "2022.04.06"]
[EventCountry "ISL"]
[SourceTitle "playchess.com"]
[Source "ChessBase"]
[SourceQuality "1"]
[TimeControl "40/5400+30:1800+30"]

1. d4 Nf6 2. Nf3 e6 3. g3 b5 4. Bg2 Bb7 5. O-O Be7 6. Bg5 d5 7. Bxf6 Bxf6 8. c3 Nd7 9. Nbd2 c5 10. dxc5 Nxc5 11. Nb3 Na4 12. Qd2 O-O 13. Nfd4 Qb6 14. e3 Rfd8 15. f4 Be7 16. a3 a6 17. Rfe1 Rac8 18. Qf2 Qc7 19. Re2 Nb6 20. Nc1 Nc4 21. Nd3 Nd6 22. Qe1 a5 23. Qd1 Ba6 24. Bf1 Qb6 25. Rc2 Re8 26. Kh1 Bf8 27. Rac1 Rcd8 28. Bg2 g6 29. Ra1 Bg7 30. Qe2 b4 31. axb4 axb4 32. Qd1 Bxd3 33. Qxd3 Ra8 34. Rcc1 bxc3 35. bxc3 Rxa1 36. Rxa1 Rb8 37. Bf3 (37. Ra6 $17 {keeps fighting.} Qb1+ 38. Bf1) 37... Qb2 $19 38. Rd1 Bxd4 39. cxd4 (39. exd4 $142 Nc4 40. Bg2) 39... Rb3 40. Qd2 Qa3 41. Qf2 (41. Qc1 $142) 41... Rxe3 42. Kg2 (42. Bg2 $142) 42... Rb3 $19 43. Rd2 Nc4 44. Re2 Qc1 45. Kh3 $2 (45. Qe1 Qa3 46. Bg4) 45... Qc3 $19 46. Bg2 Qd3 47. Bf1 Ne3 0-1

[Event "Reykjavik Open 2022"]
[Site "Reykjavik"]
[Date "2022.04.07"]
[Round "3.10"]
[White "Andersen, Mads"]
[Black "Song, Julien"]
[Result "1-0"]
[ECO "E05"]
[WhiteElo "2570"]
[BlackElo "2352"]
[Annotator "TA"]
[PlyCount "75"]
[EventDate "2022.04.06"]
[EventCountry "ISL"]
[SourceTitle "playchess.com"]
[Source "ChessBase"]
[SourceQuality "1"]
[TimeControl "40/5400+30:1800+30"]

1. Nf3 Nf6 2. g3 d5 3. Bg2 e6 4. O-O Be7 5. c4 O-O 6. d4 dxc4 7. Ne5 Nc6 8. Nxc6 bxc6 9. Na3 Bxa3 10. bxa3 Ba6 11. Bxc6 Rb8 12. Re1 Qd6 13. Qa4 Rb6 14. Bf3 Nd5 15. Qc2 Rbb8 16. e4 Nb6 17. Rd1 Bb5 18. Qc3 Na4 19. Qc2 c3 20. Rb1 Bc6 21. Rb3 Qd7 22. d5 exd5 23. exd5 Bb5 24. Rb4 $1 Rfe8 $2 (24... Rbe8 $16 {might work better.} 25. Be3 (25. Rh4 h6 $16) 25... Re5) 25. Kg2 (25. Rh4 g6 $14) (25. Bg4 $18 {is the precise move to win.} Qd6 26. Rxb5 $1 (26. Rxa4 Bxa4 27. Qxa4 Qg6 $18) 26... Rxb5 27. Qxa4) 25... Nb6 $16 26. Rh4 ({Don't play} 26. Qxc3 Be2 $14) 26... h6 (26... f5 $16) 27. Qxc3 $18 Be2 (27... Na4 $142 28. Qd4 f5) 28. Bxe2 Rxe2 29. Bxh6 $1 (29. Bb2 f6 30. Qb3 Rd8 $11) 29... f6 {[%emt 0:02:29] [#]} 30. Bxg7 (30. Qf3 $1 $18 {and White stays clearly on top.} Re5 31. Rg4) 30... Qxg7 $16 31. Qf3 (31. d6 $16 cxd6 32. Rxd6 Qb7+ 33. Kh3 Rxf2 34. Rg4+ (34. Rxf6 Qg2+ 35. Kg4 Qe4+ 36. Kh3 Qg2+ 37. Kg4 Qe4+ 38. Kh3 Qg2+ $11) 34... Kf7 35. Qb3+ Nd5 36. Rxd5 (36. Qxd5+ Qxd5 37. Rxd5 Rh8+ 38. Rh4 Rxh4+ 39. Kxh4 Rxh2+ 40. Kg4 Rxa2 $14) 36... Qxb3 37. axb3) 31... Re5 $1 $14 (31... Rxa2 $2 32. Rg4 Rd8 33. d6 Rxd6 34. Rxd6 cxd6 35. Qb3+ d5 36. Rxg7+ Kxg7 37. Qxa2 $18) 32. Rdd4 Rd8 $2 {[%emt 0:00:46][%mdl 8192] [#]} ({Black should play} 32... Rg5 $1 $14) 33. Rhg4 $1 $18 Rg5 34. h4 Rxg4 35. Rxg4 Nxd5 36. Rxg7+ Kxg7 37. Qf5 Ne7 38. Qc5 1-0

[Event "Reykjavik Open 2022"]
[Site "Reykjavik"]
[Date "2022.04.07"]
[Round "3.11"]
[White "Gretarsson, Hjorvar Steinn"]
[Black "Dishman, Stephen"]
[Result "1-0"]
[ECO "B10"]
[WhiteElo "2548"]
[BlackElo "2332"]
[Annotator "TA"]
[PlyCount "73"]
[EventDate "2022.04.06"]
[EventCountry "ISL"]
[SourceTitle "playchess.com"]
[Source "ChessBase"]
[SourceQuality "1"]
[TimeControl "40/5400+30:1800+30"]

1. e4 c6 2. Nf3 d5 3. d3 dxe4 4. dxe4 Qxd1+ 5. Kxd1 Nf6 6. Nc3 Nbd7 7. a4 e5 8. Nd2 Bc5 9. f3 O-O 10. Nc4 Re8 11. a5 h6 12. Bd2 Nh7 13. Na4 Bf8 14. Be3 Ng5 15. c3 Ne6 16. b4 Nc7 17. Kc2 Nb5 18. Be2 Nd6 19. Rhd1 Nxc4 20. Bxc4 Nf6 21. Rd2 Be6 22. Nb2 Bc8 23. Rad1 Be7 24. Bb3 a6 25. Na4 Be6 26. Bxe6 fxe6 27. Nb6 Rad8 28. Nc4 Rxd2+ 29. Rxd2 ({Don't play} 29. Nxd2 $6 Rd8 30. Bf2 Ne8 $16) 29... Rd8 $2 (29... Kf8 30. Bb6 (30. Nxe5 Rd8 $18) 30... Rc8 31. Nxe5 Ke8) 30. Rxd8+ $18 Bxd8 31. Nd6 Be7 32. Nxb7 Nd7 33. Kb3 Kf7 34. Kc4 (34. c4 $142) 34... h5 $2 (34... Ke8 35. Bc5 g5 36. Bxe7 Kxe7) 35. Bc5 $18 Bg5 36. Nd6+ Kg6 (36... Ke7 $142 37. Nb7+ Ke8) 37. Nc8 1-0

[Event "Reykjavik Open 2022"]
[Site "Reykjavik"]
[Date "2022.04.07"]
[Round "3.12"]
[White "Yoo, Christopher Woojin"]
[Black "Brunello, Marina"]
[Result "1-0"]
[ECO "B90"]
[WhiteElo "2514"]
[BlackElo "2352"]
[Annotator "TA"]
[PlyCount "69"]
[EventDate "2022.04.06"]
[EventCountry "ISL"]
[SourceTitle "playchess.com"]
[Source "ChessBase"]
[SourceQuality "1"]
[TimeControl "40/5400+30:1800+30"]

1. e4 c5 2. Nf3 d6 3. d4 cxd4 4. Nxd4 Nf6 5. Nc3 a6 6. a3 e5 7. Nf5 d5 8. Bg5 d4 9. Bxf6 gxf6 10. Nb1 Qb6 11. Nd2 Bxf5 12. exf5 h5 13. Be2 h4 14. O-O Nc6 15. Bf3 Bh6 (15... Qxb2 $2 16. Rb1 Qa2 17. c3 $18) (15... h3 $14) 16. Ne4 $1 $16 Ne7 {[%emt 0:01:06] [#]} 17. c4 $1 Rc8 (17... Kf8 $16 {keeps fighting.}) 18. c5 $18 Rxc5 19. Nxc5 Qxc5 20. Bxb7 Nxf5 {[%emt 0:03:15] [#]} (20... Kf8 $142 21. Qh5 (21. Bxa6 Qc6 $16) 21... Kg7 22. Qxh4 (22. Bxa6 Bg5 $18) 22... Bg5) 21. Qf3 $1 $18 ({Not} 21. Bxa6 Qc6 $16) 21... Bf4 22. Bxa6 Kf8 23. Bd3 Ne7 24. a4 f5 25. a5 Qd6 26. a6 e4 27. Bxe4 fxe4 28. Qxe4 Bxh2+ 29. Kh1 Ng6 30. a7 Kg7 31. a8=Q Rxa8 32. Rxa8 d3 33. Ra3 d2 34. Rd3 Qa6 35. Kxh2 1-0

[Event "Reykjavik Open 2022"]
[Site "Reykjavik"]
[Date "2022.04.07"]
[Round "3.13"]
[White "Peng, Li Min"]
[Black "Cummings, David H."]
[Result "1-0"]
[ECO "E32"]
[WhiteElo "2498"]
[BlackElo "2327"]
[Annotator "TA"]
[PlyCount "113"]
[EventDate "2022.04.06"]
[EventCountry "ISL"]
[SourceTitle "playchess.com"]
[Source "ChessBase"]
[SourceQuality "1"]
[TimeControl "40/5400+30:1800+30"]

1. d4 Nf6 2. c4 e6 3. Nc3 Bb4 4. Qc2 O-O 5. e4 d5 6. e5 Ne4 7. Bd3 c5 8. Nf3 cxd4 9. Nxd4 Nd7 10. Bf4 Qh4 11. g3 Qh5 12. O-O g5 13. cxd5 Bxc3 14. bxc3 exd5 15. Be3 Nxe5 16. f3 Nc5 17. Be2 Qg6 18. Qxg6+ hxg6 19. Bxg5 Ne6 20. Nxe6 Bxe6 21. Bf6 Nd7 22. Bd4 f6 23. Rfe1 Kf7 24. h4 Ne5 25. Kf2 Nc6 26. Be3 Rfd8 27. Red1 Rac8 28. g4 b6 29. Rac1 Rh8 30. Rh1 Ne5 31. g5 Bf5 32. gxf6 Nd3+ 33. Bxd3 Bxd3 34. Rhd1 Bf5 35. Kg3 Rhe8 36. Bd4 Re2 37. Re1 Rxe1 38. Rxe1 Be6 {[%emt 0:00:19] [#]} (38... Re8 $16 39. Rxe8 Kxe8) 39. a4 $1 $18 Rc7 40. Kf4 Rc6 41. Ke5 (41. Rb1 $18 {has better winning chances.}) 41... Bg4 $16 42. Kf4 ({Reject} 42. fxg4 $6 Re6+ 43. Kxd5 Rxe1 $11) ({Don't blunder} 42. Kxd5 $2 Bxf3+ 43. Ke5 Re6+ 44. Kf4 Rxe1 $19) (42. Ra1 $16 Bxf3 43. a5 Rxf6 44. axb6 Rf5+ 45. Kd6 axb6 46. Ra7+ Kg8 47. Rg7+ (47. Bxb6 Rf6+ 48. Kc5 Rf4 $11) 47... Kf8 48. Rxg6) 42... Be6 $18 43. Rg1 a6 44. Ke5 (44. Rg5 $18) 44... Bd7 $2 (44... Bc8 $16) 45. Kxd5 $18 Re6 46. f4 (46. h5 $142 Bc6+ 47. Kc4 gxh5 48. Rg7+ Ke8 49. a5 bxa5 50. f7+ Kf8 51. Bc5+ Re7 52. Rh7) 46... Bc6+ $18 47. Kc4 Be4 48. Be5 Bc2 $2 (48... Re8 {keeps fighting.} 49. Rd1 Rc8+ 50. Kb4 Ke8) 49. h5 $18 Re8 50. Kd5 Rd8+ 51. Kc6 Bxa4+ (51... gxh5 $142 52. Rg7+ (52. Kxb6 Rg8 $16) 52... Ke6 53. Re7+ Kf5 54. Kxb6 Rf8) 52. Kxb6 $18 Bc2 53. hxg6+ Bxg6 54. c4 Rc8 55. f5 Bxf5 56. Rg7+ Ke8 57. Bd6 1-0

[Event "Reykjavik Open 2022"]
[Site "Reykjavik"]
[Date "2022.04.07"]
[Round "3.14"]
[White "Stefansson, Vignir Vatnar"]
[Black "Zysko, Jan"]
[Result "1-0"]
[ECO "D31"]
[WhiteElo "2484"]
[BlackElo "2108"]
[Annotator "TA"]
[PlyCount "87"]
[EventDate "2022.04.06"]
[EventCountry "ISL"]
[SourceTitle "playchess.com"]
[Source "ChessBase"]
[SourceQuality "1"]
[TimeControl "40/5400+30:1800+30"]

1. c4 c6 2. d4 d5 3. Nc3 Nf6 4. e3 e6 5. Rb1 Nbd7 6. Qc2 dxc4 7. Bxc4 Bd6 8. Nge2 O-O 9. f4 c5 10. O-O a6 11. a4 Qc7 12. b3 cxd4 13. Nxd4 Nb6 14. Bd3 e5 15. Nde2 h6 16. h3 Bd7 17. Bb2 Rfe8 18. Rbd1 Bc6 19. Ng3 exf4 20. Nf5 Bc5 (20... fxe3 $2 21. Nxd6 Re6 $18) 21. Ne2 Nbd7 (21... Bd7 $14 22. Bxf6 Bxf5 23. Bxf5 Bxe3+ 24. Kh2 Qxc2 25. Bxc2 gxf6) 22. Nxf4 (22. Bxf6 $16 gxf6 23. Nxf4 Rxe3 24. Kh2 (24. Nxh6+ Kf8 $17)) 22... Qb6 $2 (22... Rxe3 $11 {and Black has nothing to worry.} 23. Kh2 Rxd3 24. Rxd3 Be4 25. Nxh6+ (25. Ne7+ Kf8 $17) 25... Kh7) 23. Bd4 $2 (23. Bc4 $18 {[%cal Of5h6] Strongly threatening Nxh6+!} Bxe3+ 24. Kh1 Bxf4 25. Rxf4) 23... Bxd4 $11 24. exd4 Rac8 (24... Kh8 $11 {remains equal.}) 25. Nd6 $16 Qxd4+ 26. Qf2 Qb4 27. Nxc8 Rxc8 28. Qg3 ({White should try} 28. Bc4) 28... Ne5 29. Bf5 Re8 30. Kh2 Qc5 31. Bb1 Ne4 32. Bxe4 Bxe4 33. Rde1 f5 $2 {[%emt 0:00:29][%mdl 8192] [#]} (33... Qc6 $16) 34. Nh5 $1 $18 Qe7 35. Rxe4 $1 fxe4 36. Nf6+ $1 Kh8 37. Nxe8 Qxe8 38. Qf4 Nd7 39. Qf7 Qe5+ $2 (39... Qb8+ 40. Qf4 Qe8) 40. Kh1 $18 Nc5 $2 (40... Nf6 41. Qxb7 Kh7 42. Qxa6 Nh5) 41. Rf5 $18 Qa1+ 42. Kh2 b6 43. Qe8+ Kh7 44. Rf8 1-0

[Event "Reykjavik Open 2022"]
[Site "Reykjavik"]
[Date "2022.04.07"]
[Round "3.15"]
[White "Laurent-Paoli, Pierre"]
[Black "Sowray, Peter J"]
[Result "1-0"]
[ECO "E08"]
[WhiteElo "2483"]
[BlackElo "2226"]
[Annotator "TA"]
[PlyCount "73"]
[EventDate "2022.04.06"]
[EventCountry "ISL"]
[SourceTitle "playchess.com"]
[Source "ChessBase"]
[SourceQuality "1"]
[TimeControl "40/5400+30:1800+30"]

1. d4 d5 2. c4 e6 3. Nf3 Nf6 4. g3 Bb4+ 5. Bd2 Be7 6. Bg2 O-O 7. O-O c6 8. Qc2 b6 9. Rd1 Nbd7 10. b3 Bb7 11. Nc3 Rc8 12. e4 c5 13. exd5 exd5 14. Bf4 Re8 15. dxc5 dxc4 16. b4 bxc5 17. b5 Qa5 {[%emt 0:06:33] [#] E08: Closed Catalan: Main Line: 7 Qc2.} (17... Qb6 $11) 18. a4 $1 $16 Nf8 19. Ne5 Bxg2 {[%emt 0:00:58] White is better.} 20. Nxc4 ({Much worse is} 20. Kxg2 $6 Ng6 $11) 20... Qb4 21. Na2 Be4 22. Nxb4 {[%emt 0:00:24] Threatens to win with Nd3.} Bxc2 23. Nxc2 Ne6 {[%emt 0:03:22] [#]} 24. N2e3 $146 {[%emt 0:07:17] 0x0.001f0e324728dp-1022s more active pieces.} ({Predecessor:} 24. Bd6 Ne4 25. Bxe7 Rxe7 26. Kg2 h6 27. Ra3 Kf8 28. Rad3 Nf6 29. Ne5 c4 30. Ra3 {1-0 (38) Benidze,D (2318)-Margvelashvili,G (2456) Batumi 2006}) 24... Nxf4 25. gxf4 Rb8 26. Kg2 Red8 (26... Bf8 $16 {was called for.}) 27. Ne5 {[%emt 0:02:54] And now Nc6 would win. Pair of Knights!} Rxd1 $2 (27... Re8 28. Kf3 Rb7) 28. Rxd1 $18 g6 29. Kf3 (29. Nc6 $142 Rb7 30. a5) 29... Kf8 $2 {[%emt 0:01:22] [#]} (29... Rb7 {keeps fighting.} 30. Rb1 Nd7) 30. Rd7 $1 {[%emt 0:02:32][%mdl 512] White is clearly winning.} Ra8 31. Rb7 c4 32. N3xc4 Nd5 33. Nc6 a6 34. b6 Bc5 35. a5 Rc8 36. N4e5 Ke8 37. Na7 {[%emt 0:01:45] Black did not feel at home in the position after the opening.  Weighted Error Value: White=0.17 (very precise) /Black=0.64} 1-0

[Event "Reykjavik Open 2022"]
[Site "Reykjavik"]
[Date "2022.04.07"]
[Round "3.16"]
[White "Minko, Dmitry"]
[Black "Hjartarson, Johann"]
[Result "0-1"]
[ECO "B03"]
[WhiteElo "2298"]
[BlackElo "2470"]
[Annotator "TA"]
[PlyCount "92"]
[EventDate "2022.04.06"]
[EventCountry "ISL"]
[SourceTitle "playchess.com"]
[Source "ChessBase"]
[SourceQuality "1"]
[TimeControl "40/5400+30:1800+30"]

1. e4 Nf6 2. e5 Nd5 3. c4 Nb6 4. d4 d6 5. exd6 cxd6 6. Nc3 g6 7. Be3 Bg7 8. b3 O-O 9. Rc1 Bf5 10. Nf3 d5 11. c5 Nc8 12. Be2 Nc6 13. O-O Bg4 14. b4 a6 15. a3 Bxf3 16. Bxf3 e6 17. b5 axb5 18. Nxb5 N8e7 19. Qd3 Nf5 20. Bg4 Qf6 21. Bxf5 gxf5 22. g3 h5 23. Rfd1 h4 24. Rb1 Ra4 25. Qb3 Rc4 26. Rbc1 Rxc1 27. Rxc1 Qg6 28. Qd1 Ra8 29. Rb1 Bf6 30. Nd6 (30. Kg2 $11) 30... hxg3 $2 (30... Rxa3 $17 {...hxg3 is the strong threat.} 31. Nb5 (31. Rxb7 f4 $17) 31... Ra5) 31. hxg3 $11 Rxa3 32. Rxb7 f4 33. Bxf4 Bxd4 34. Nxf7 $2 ({Don't go for} 34. Rxf7 $2 Ra1 35. Qxa1 Bxa1 $19) (34. Kg2 $15) 34... Ra1 $19 35. Nh6+ Kf8 (35... Qxh6 $2 36. Qxa1 Qxf4 37. gxf4 $18) 36. Bc1 Qxg3+ 37. Kh1 Qh3+ 38. Kg1 Qg3+ 39. Kh1 Qh4+ 40. Kg2 Qxf2+ 41. Kh3 Rxc1 42. Qxc1 Qf3+ 43. Kh2 Be5+ 44. Kg1 Qg3+ 45. Kf1 Qh3+ 46. Kf2 Qh2+ 0-1

[Event "Reykjavik Open 2022"]
[Site "Reykjavik"]
[Date "2022.04.07"]
[Round "3.17"]
[White "Doluhanova, Evgeniya"]
[Black "Williams, Simon K"]
[Result "0-1"]
[ECO "B51"]
[WhiteElo "2255"]
[BlackElo "2464"]
[Annotator "TA"]
[PlyCount "82"]
[EventDate "2022.04.06"]
[EventCountry "ISL"]
[SourceTitle "playchess.com"]
[Source "ChessBase"]
[SourceQuality "1"]
[TimeControl "40/5400+30:1800+30"]

1. e4 c5 2. Nf3 d6 3. Bb5+ Nc6 4. O-O Bd7 5. Re1 a6 6. Bf1 e5 7. c3 g5 8. d4 g4 9. d5 Nce7 10. Nh4 Bg7 11. f4 Bf6 12. Nf5 Nxf5 13. exf5 Bxf5 14. Nd2 Ne7 15. Nc4 e4 16. Ne3 Qd7 17. Nxf5 Qxf5 18. Qa4+ Kf8 19. Qxe4 Qxe4 20. Rxe4 Nxd5 21. Bd2 Kg7 22. Rae1 (22. h3 $11) 22... h5 23. Bd3 b5 24. c4 (24. h3 $17) 24... bxc4 $19 25. Bxc4 Nb6 26. Bf1 d5 ({Resist} 26... Bxb2 27. Rb1 f5 28. Rxb2 $1 fxe4 29. Bc3+ (29. Rxb6 d5 $11) 29... Kg6 30. Rxb6 $16 (30. Bxh8 Na4 $11)) 27. R4e2 c4 28. Ba5 Rab8 29. Rd2 {[%emt 0:02:32] [#]} Rhc8 ({Better is} 29... d4 $1 30. Rc1 (30. Bxb6 $2 c3 $19) 30... Rhc8 31. Bxb6 c3 32. bxc3 dxc3) 30. Rc1 (30. Bc3 $17 {is a better defense.}) 30... Rc5 $19 31. b4 Rc6 32. a3 c3 33. Rdd1 Nc4 34. Bxc4 $4 (34. b5 $17 {nothing else works.}) 34... Rxc4 $19 ({And not} 34... dxc4 35. g3 $17) 35. Rc2 Re8 36. Bb6 Rxf4 37. g3 Rf5 38. Bf2 Re4 39. Rd3 Kg6 40. Kg2 Rc4 41. Bc5 d4 0-1

[Event "Reykjavik Open 2022"]
[Site "Reykjavik"]
[Date "2022.04.07"]
[Round "3.18"]
[White "Clarke, Brandon G I"]
[Black "George Samir, David"]
[Result "1-0"]
[ECO "C55"]
[WhiteElo "2430"]
[BlackElo "2032"]
[Annotator "TA"]
[PlyCount "63"]
[EventDate "2022.04.06"]
[EventCountry "ISL"]
[SourceTitle "playchess.com"]
[Source "ChessBase"]
[SourceQuality "1"]
[TimeControl "40/5400+30:1800+30"]

1. e4 e5 2. Nf3 Nc6 3. Bc4 Nf6 4. d3 h6 5. c3 d6 6. a4 g5 7. Qb3 Qe7 8. a5 a6 9. h3 Bg7 10. Be3 O-O 11. Nbd2 Rd8 {[%emt 0:05:59] [#]} (11... Bd7 $14) 12. g4 $1 $16 Rb8 13. Nf1 (13. h4 $16) 13... Be6 14. Bd5 (14. Bxe6 $1 $14 Qxe6 15. Qxe6 fxe6 16. h4) 14... Bxd5 $1 $11 (14... Nxd5 15. exd5 Bd7 16. dxc6 $16) 15. exd5 e4 16. N3d2 ({Much weaker is} 16. dxc6 bxc6 17. Qc2 exf3 $17) 16... Ne5 (16... exd3 $5 17. dxc6 bxc6 $11) 17. dxe4 Nxe4 (17... Nd3+ $1 $11 18. Ke2 Nc5 19. Bxc5 dxc5) 18. Nxe4 $16 Nd3+ 19. Kd2 Qxe4 20. Ng3 Qh7 21. Nf5 Ne5 22. Ra4 h5 23. Qd1 f6 24. f4 Nf7 (24... gxf4 $142 25. Rxf4 h4) 25. Qf3 Re8 26. Re4 Bf8 $2 (26... gxf4 {was worth a try.} 27. Bxf4 Ne5) 27. Re6 $18 Rxe6 (27... gxf4 $142 28. Bxf4 (28. Qxf4 Ng5 $11) 28... Rxe6 29. dxe6 Nd8) 28. dxe6 $18 Nd8 29. Qe4 Be7 30. fxg5 fxg5 31. Rf1 Nc6 32. Nxe7+ 1-0

[Event "Reykjavik Open 2022"]
[Site "Reykjavik"]
[Date "2022.04.07"]
[Round "3.19"]
[White "Thorfinnsson, Bragi"]
[Black "Bosboom, Ardin"]
[Result "1-0"]
[ECO "B30"]
[WhiteElo "2419"]
[BlackElo "2090"]
[Annotator "TA"]
[PlyCount "71"]
[EventDate "2022.04.06"]
[EventCountry "ISL"]
[SourceTitle "playchess.com"]
[Source "ChessBase"]
[SourceQuality "1"]
[TimeControl "40/5400+30:1800+30"]

1. e4 c5 2. Nf3 Nc6 3. Bb5 e6 4. O-O Nge7 5. b3 Ng6 6. Bb2 f6 7. Bxc6 bxc6 8. d4 cxd4 9. Qxd4 c5 10. Qe3 Be7 11. h4 O-O 12. h5 Nh8 $1 13. c4 Bb7 14. Nc3 Qe8 15. Rad1 Bc6 (15... d6 $11) 16. h6 $14 g5 17. Rfe1 g4 (17... d6 $14) 18. Nh2 $16 Qh5 19. Qg3 f5 ({Black should play} 19... Ng6 $14) 20. exf5 $16 Bh4 (20... Qxf5 $16 21. Nd5 (21. Qxg4+ Ng6 $16) 21... Bxd5) 21. Qxg4+ $18 Qxg4 22. Nxg4 Rxf5 23. Re2 Ng6 24. f3 Nf4 25. Red2 Kf7 $2 (25... d5 {keeps fighting.}) 26. Ne4 $18 Be7 27. Ne5+ Ke8 28. Nxc6 dxc6 29. Nd6+ Bxd6 30. Rxd6 Kf7 (30... Rf7 $142 31. Kf2 Rc8) 31. Rxc6 Kg6 32. Rd7 Kxh6 33. Bc1 Kg6 34. Bxf4 Rxf4 35. Rxe6+ Kf5 (35... Rf6 $142) 36. Rc6 1-0

[Event "Reykjavik Open 2022"]
[Site "Reykjavik"]
[Date "2022.04.07"]
[Round "3.20"]
[White "Valkama, Eero"]
[Black "Korley, Kassa"]
[Result "0-1"]
[ECO "C42"]
[WhiteElo "2244"]
[BlackElo "2399"]
[Annotator "TA"]
[PlyCount "108"]
[EventDate "2022.04.06"]
[EventCountry "ISL"]
[SourceTitle "playchess.com"]
[Source "ChessBase"]
[SourceQuality "1"]
[TimeControl "40/5400+30:1800+30"]

1. e4 e5 2. Nf3 Nf6 3. Nxe5 d6 4. Nf3 Nxe4 5. Qe2 Qe7 6. d3 Nf6 7. Bg5 Nbd7 8. Nc3 Qxe2+ 9. Bxe2 h6 10. Bd2 c6 11. O-O d5 12. Rfe1 Bd6 13. d4 O-O 14. Bd3 Re8 15. Rxe8+ Nxe8 16. Re1 Nc7 17. Ne2 Ne6 18. Nh4 Nf6 19. Nf5 Bf8 20. c3 h5 21. Nf4 g6 22. Nxe6 Bxe6 23. Nh4 Re8 24. Nf3 Bd6 25. Ng5 Bd7 26. Rxe8+ Nxe8 27. Nf3 Nc7 28. Ne1 Kg7 29. h4 Ne6 30. g3 f6 31. Kg2 Kf7 32. Nc2 Ng7 33. Ne3 g5 34. Kf3 gxh4 35. gxh4 Bh3 36. Ke2 f5 37. Kf3 (37. f3 $15) 37... f4 $19 38. Nf1 {[%emt 0:00:09] [#]} Bg4+ $1 39. Kg2 Nf5 40. Bxf5 f3+ 41. Kg1 Bxf5 42. Bg5 Kg6 43. Nd2 Be4 44. Kf1 Bd3+ (44... Kf5 $19 45. Ke1 b6) 45. Ke1 $17 Be2 46. Nb3 b6 47. Nc1 ({White should try} 47. Kd2 $1 $15) 47... Ba6 48. Kd2 Kf5 49. Ke3 Kg4 50. Nb3 Be2 51. Nd2 $2 (51. Na1 $15) 51... c5 $19 52. a3 c4 53. Nb1 (53. a4 $142) 53... Kh3 54. Nd2 {[%emt 0:01:32] [#]} Kg2 $1 0-1

[Event "Reykjavik Open 2022"]
[Site "Reykjavik"]
[Date "2022.04.07"]
[Round "3.21"]
[White "Mishra, Abhimanyu"]
[Black "Marie, Maxime"]
[Result "1-0"]
[ECO "E11"]
[WhiteElo "2505"]
[BlackElo "2175"]
[Annotator "TA"]
[PlyCount "47"]
[EventDate "2022.04.06"]
[EventCountry "ISL"]
[SourceTitle "playchess.com"]
[Source "ChessBase"]
[SourceQuality "1"]
[TimeControl "40/5400+30:1800+30"]

1. d4 Nf6 2. c4 e6 3. Nf3 Bb4+ 4. Bd2 a5 5. a3 Bxd2+ 6. Qxd2 b6 {[%emt 0:01:42] E11: Bogo-Indian.} 7. Nc3 d5 8. cxd5 {[%emt 0:02:56] [#]} exd5 $146 {[%emt 0:00:13] White has an edge.} ({Predecessor:} 8... Nxd5 9. g3 Bb7 10. Bg2 Nd7 11. O-O Nxc3 12. Qxc3 O-O 13. Rfd1 Rc8 14. b4 axb4 15. axb4 {½-½ (39) Skurikhin,D (2354)-Zivanovic,D (1931) Belgrade 2012}) 9. g3 O-O 10. Bg2 Re8 11. Qc2 g6 12. O-O Bf5 13. Qb3 c6 14. Ne5 Ra7 15. Rac1 b5 16. e3 (16. Nd1 $14) 16... Ng4 {[%emt 0:05:30] [#]} 17. Nxc6 $1 Nxc6 18. Nxb5 Qb8 $2 {[%emt 0:15:07][%mdl 8192] Black cannot hold the game after this.} 19. Rxc6 $18 a4 20. Qxd5 Ra5 21. Rc5 ({Inferior is} 21. Rc7 Be6 22. Qd6 Rxb5 $15) 21... Bd3 $2 {[%emt 0:02:13] [#]} (21... Be6 22. Qb7 Qxb7 23. Bxb7 Rb8) 22. Nd6 Rxc5 23. Qxf7+ Kh8 24. Nxe8 {[%emt 0:00:06] Weighted Error Value: White=0.07 (flawless) /Black=0.98} 1-0

[Event "Reykjavik Open 2022"]
[Site "Reykjavik"]
[Date "2022.04.07"]
[Round "3.22"]
[White "Domalchuk-Jonasson, Aleksandr"]
[Black "Thorhallsson, Throstur"]
[Result "1/2-1/2"]
[ECO "D36"]
[WhiteElo "2162"]
[BlackElo "2414"]
[Annotator "TA"]
[PlyCount "71"]
[EventDate "2022.04.06"]
[EventCountry "ISL"]
[SourceTitle "playchess.com"]
[Source "ChessBase"]
[SourceQuality "1"]
[TimeControl "40/5400+30:1800+30"]

1. d4 Nf6 2. c4 e6 3. Nc3 d5 4. cxd5 exd5 5. Bg5 c6 6. e3 Be7 7. Bd3 Nbd7 8. Qc2 Nh5 9. Bxe7 Qxe7 10. Nge2 g6 11. O-O O-O 12. Rab1 a5 13. a3 Ng7 14. b4 axb4 15. axb4 Nb6 16. b5 {[%emt 0:21:05] Strongly threatening bxc6.} c5 17. dxc5 Qxc5 18. Nf4 d4 19. exd4 Qxd4 20. Be4 Bf5 $1 21. Rbd1 Qc4 22. Qd3 Rac8 23. Nfd5 Qxd3 24. Rxd3 Nxd5 25. Nxd5 Bxe4 26. Nf6+ Kh8 27. Nxe4 Ne6 28. Rd7 Rc7 29. Rfd1 Rfc8 {[%emt 0:03:18] aiming for ...Rxd7.} 30. h4 {[%emt 0:03:00] Threatens to win with b6.} Rxd7 31. Rxd7 {[%emt 0:00:04] And now b6 would win.} Rc7 32. Rxc7 Nxc7 $11 {[%emt 0:00:04] KN-KN} 33. Nd6 Kg7 34. b6 Nd5 35. Nxb7 Nxb6 36. Nc5 1/2-1/2

[Event "Reykjavik Open 2022"]
[Site "Reykjavik"]
[Date "2022.04.07"]
[Round "3.23"]
[White "Willow, Jonah B"]
[Black "Coursaget, Nicolas"]
[Result "1-0"]
[ECO "B12"]
[WhiteElo "2365"]
[BlackElo "2185"]
[Annotator "TA"]
[PlyCount "70"]
[EventDate "2022.04.06"]
[EventCountry "ISL"]
[SourceTitle "playchess.com"]
[Source "ChessBase"]
[SourceQuality "1"]
[TimeControl "40/5400+30:1800+30"]

1. e4 c6 2. d4 d5 3. e5 c5 4. dxc5 Nc6 5. Nf3 Bg4 6. c3 Bxf3 7. Qxf3 e6 8. b4 Nxe5 9. Bb5+ Nc6 10. O-O Be7 11. Bf4 Bf6 12. Nd2 Nge7 13. Rad1 Qc8 14. Rfe1 O-O 15. Bd6 Rd8 16. Bxc6 (16. Qh3 $142 $1) 16... Qxc6 $11 17. Nb3 Qa4 18. Rd2 Nc6 19. Qd3 Rd7 20. Rb1 (20. f4 $5 ) 20... Rc8 21. f4 a6 22. f5 exf5 (22... Re8 $11 {keeps the balance.}) 23. Qxf5 $16 Rcd8 24. Re2 ({But not} 24. Rxd5 $2 Ne7 25. Qf3 Nxd5 26. Qxd5 Bxc3 $19) (24. Qxd5 Bxc3 25. Re2 h6 $17) 24... Ne7 (24... Bxc3 $2 {[#]} 25. Qxd7 $3 h6 26. Qxb7 $18) 25. Qf3 Rxd6 (25... h6 $16 {was called for.}) 26. cxd6 $18 Rxd6 27. Rbe1 Qd7 28. Nc5 Qc7 29. Qf4 (29. c4 $18 {has better winning chances.}) 29... g5 (29... Rd7 $16 {was worth a try.} 30. Qf3 Rd8) 30. Qg3 $18 Ng6 (30... Nf5 $16 31. Qf2 Ng7) 31. Nxb7 $18 Qb6+ (31... Rc6 {is a better defense.}) 32. Nc5 d4 33. Kh1 Nf4 $2 (33... dxc3 34. Ne4 Rd8) 34. Re8+ $18 Kg7 35. Ne4 dxc3 1-0